[Event "Early-Titled-Tuesday-Blitz-January-30-2024"]
[Site "Chess.com"]
[Date "2024.01.30"]
[Round "8"]
[White "JeFumeDesClopes"]
[Black "shimastream"]
[Result "0-1"]
[WhiteElo "2584"]
[BlackElo "3007"]
[TimeControl "180+1"]
[EndTime "9:29:58 PST"]
[Termination "shimastream won on time"]

1. c4 f5 2. g3 Nf6 3. Bg2 g6 4. Nc3 Bg7 5. d3 O-O 6. Nf3 d6 7. O-O Nc6 8. b4 Nxb4 9. Rb1 Nc6 10. e4 fxe4 11. dxe4 e5 12. h3 b6 13. Bg5 Be6 14. Nd5 Qd7 15. Kh2 Nxe4 16. Nxe5 Nxe5 17. Bxe4 Bxh3 18. Ne7+ Kh8 19. Bxa8 Bxf1 20. Qxf1 Rxf2+ 21.
Qxf2 Ng4+ 22. Kg2 Nxf2 23. Kxf2 Qa4 24. Rh1 Qxa2+ 25. Kf3 Qb3+ 26. Be3 Bd4 27. Nxg6+ Kg7 28. Nh4 Qxe3+ 29. Kg4 Qe6+ 30. Nf5+ Kh8 31. Rh6 Qxc4 32.
Be4 d5 33. Re6 h5+ 34. Kxh5 dxe4 35. Re8+ Kh7 36. Re7+ Kg8 37. Kg6 Qc6+ 38. Kh5 a5 39. Nxd4 Qc5+ 0-1

[Event "Early-Titled-Tuesday-Blitz-January-30-2024"]
[Site "Chess.com"]
[Date "2024.01.30"]
[Round "8"]
[White "Elsa167"]
[Black "BogdanDeac"]
[Result "1-0"]
[WhiteElo "2875"]
[BlackElo "3073"]
[TimeControl "180+1"]
[EndTime "9:29:59 PST"]
[Termination "Elsa167 won by resignation"]

1. d4 Nf6 2. c4 e6 3. g3 d5 4. Bg2 dxc4 5. Nf3 a6 6. O-O Nc6 7. a4 Rb8 8. a5 Bb4 9. Ra4 Bd7 10. Ne5 Qe7 11. Nxd7 Qxd7 12. Bxc6 bxc6 13. Bd2 c5 14. dxc5 Bxd2 15. Nxd2 Rd8 16. Rxc4 Qxd2 17. Qa4+ Qd7 18. c6 Qd6 19. b4 O-O 20. b5 axb5 21. Qxb5 Rb8 22. Qa4 Qd5 23. a6 Rb6 24. a7 Ra8 25.
Ra1 Qd8 26. Rb4 Nd5 27. Rxb6 cxb6 28. Qa6 Nc7 29. Qb7 b5 30. Ra3 h6 31. Rd3 Qc8 32. Rd7 Nd5 33. Qxc8+ Rxc8 34. Rb7 Kh7 35. Rb8 Rxc6 36.
a8=Q 1-0

[Event "Early-Titled-Tuesday-Blitz-January-30-2024"]
[Site "Chess.com"]
[Date "2024.01.30"]
[Round "8"]
[White "FormerProdigy"]
[Black "Byniolus"]
[Result "1-0"]
[WhiteElo "3028"]
[BlackElo "2835"]
[TimeControl "180+1"]
[EndTime "9:29:59 PST"]
[Termination "FormerProdigy won on time"]

1. e4 d5 2. exd5 Nf6 3. Nf3 Nxd5 4. d4 Bg4 5. Be2 e6 6. O-O Be7 7. c4 Nb6 8. h3 Bxf3 9. Bxf3 Nc6 10. Nc3 Nxc4 11. d5 exd5 12. Nxd5 O-O 13. Nxe7+ Qxe7 14. Bxc6 bxc6 15. Qc2 Qe6 16. Bf4 Rfe8 17. Rac1 Ne5 18. Rfe1 Qf6 19. Bxe5 Rxe5 20. Rxe5 Qxe5 21. Qxc6 Rd8 22.
Qc3 Qxc3 23. Rxc3 Rd1+ 24. Kh2 Rd2 25. Rxc7 h5 26. Rxa7 Rxb2 27. Kg3 g5 28. Ra5 f6 29. Ra7 h4+ 30. Kf3 Kf8 31. a4 Ra2 32. a5 f5 33. Ke3 g4 34. a6 Kg8 35. Kf4 Rxf2+ 36. Ke5 gxh3 37. gxh3 Ra2 38. Kxf5 Ra5+ 39. Kg6 Kf8 40.
Ra8+ Ke7 41. a7 Ra6+ 42. Kh7 Kf7 43. Rg8 1-0

[Event "Early-Titled-Tuesday-Blitz-January-30-2024"]
[Site "Chess.com"]
[Date "2024.01.30"]
[Round "8"]
[White "bancsoo"]
[Black "xakevicius91"]
[Result "1-0"]
[WhiteElo "2808"]
[BlackElo "2585"]
[TimeControl "180+1"]
[EndTime "9:29:59 PST"]
[Termination "bancsoo won on time"]

1. d4 Nf6 2. Nf3 e6 3. g3 b6 4.
Bg2 Bb7 5. O-O Be7 6. c4 O-O 7.
Nc3 Ne4 8. Bd2 Bf6 9. Be1 d6 10. Qc2 Nxc3 11. Bxc3 Qc8 12. e4 Nd7 13. Rad1 c5 14.
e5 dxe5 15. dxe5 Be7 16. h4 h6 17. Qe2 Rd8 18. Nd2 Bxg2 19. Kxg2 Qc6+ 20. Ne4 Nf8 21. Qf3 Qa4 22. Nf6+ Bxf6 23. exf6 Qxc4 24. fxg7 Ng6 25. Rxd8+ Rxd8 26. Rd1 Rd5 27. b3 Qb5 28. Rxd5 exd5 29. Qxd5 Qe8 30. h5 Ne7 31. Qd6 Nf5 32. Qf4 Nxg7 33.
Qf6 Qe4+ 34. Kh2 Qg4 35. Kg1 Kh7 36. Qxf7 1-0

[Event "Early-Titled-Tuesday-Blitz-January-30-2024"]
[Site "Chess.com"]
[Date "2024.01.30"]
[Round "8"]
[White "Anton_Demchenko"]
[Black "Mops_2004"]
[Result "1-0"]
[WhiteElo "2942"]
[BlackElo "2759"]
[TimeControl "180+1"]
[EndTime "9:30:01 PST"]
[Termination "Anton_Demchenko won on time"]

1. e4 g6 2. d4 Bg7 3. Nf3 d6 4. Bc4 Nc6 5. d5 Nb4 6. h3 Nf6 7. Qe2 O-O 8. O-O Re8 9. a3 Na6 10. Bxa6 bxa6 11. Nd4 e6 12. dxe6 Bxe6 13. Nc3 Bd7 14.
Qd3 Qb8 15. Re1 c5 16. Nf3 Bb5 17. Qd2 Qb7 18. Qf4 d5 19. Nxb5 axb5 20. e5 Nd7 21.
Qg3 Re6 22. Bf4 Rae8 23. Rad1 d4 24. Ng5 R6e7 25. e6 Rxe6 26. Nxe6 fxe6 27. c3 e5 28. Bg5 Rf8 29. b4 h6 30. Be7 Rf7 31. Bxc5 Qd5 32. cxd4 exd4 33. Qxg6 Nf8 34. Qg4 d3 35. Qg3 d2 36.
Re2 1-0

[Event "Early-Titled-Tuesday-Blitz-January-30-2024"]
[Site "Chess.com"]
[Date "2024.01.30"]
[Round "8"]
[White "Savagelittlemole"]
[Black "YairParkhov"]
[Result "0-1"]
[WhiteElo "2493"]
[BlackElo "2682"]
[TimeControl "180+1"]
[EndTime "9:30:01 PST"]
[Termination "YairParkhov won on time"]

1. e4 Nc6 2. Nf3 e5 3. Bb5 a6 4. Ba4 Nf6 5. O-O Be7 6. Re1 b5 7. Bb3 O-O 8. h3 d6 9. c3 Na5 10. Bc2 c5 11. d4 Qc7 12. d5 Nc4 13. a4 Bd7 14. b3 Nb6 15. a5 Nc8 16. Be3 Ne8 17.
Nbd2 g6 18. b4 c4 19. Nf1 Ng7 20. N3h2 Qd8 21. f4 Bf6 22. Qd2 Qe7 23. Nf3 Nh5 24. fxe5 Bxe5 25. Nxe5 dxe5 26. d6 Qe6 27. Rad1 Rb8 28.
g4 Ng7 29. Ng3 Rb7 30. Bc5 Bc6 31. Qf2 Rd7 32. Rf1 f6 33. Qd2 Qf7 34. Rf2 Ne6 35. Rdf1 Nf4 36. Kh2 Kh8 37. Rd1 Rfd8 38. Qe1 Nxd6 39. Rfd2 Ne8 40. Be3 Ng7 41. Rxd7 Rxd7 42. Rd2 Nge6 43. Qd1 Ng5 44. h4 Rxd2+ 45. Bxd2 Nge6 0-1

[Event "Early-Titled-Tuesday-Blitz-January-30-2024"]
[Site "Chess.com"]
[Date "2024.01.30"]
[Round "8"]
[White "mary-sanna"]
[Black "SabinaFoisor"]
[Result "0-1"]
[WhiteElo "2189"]
[BlackElo "2382"]
[TimeControl "180+1"]
[EndTime "9:30:01 PST"]
[Termination "SabinaFoisor won by checkmate"]

1. d4 d5 2. c4 c6 3. Nf3 Nf6 4. g3 g6 5. Bg2 Bg7 6. O-O O-O 7. Nbd2 Bf5 8. Qb3 Qb6 9. c5 Qxb3 10. axb3 Nbd7 11. b4 a6 12. Nb3 e5 13. Na5 e4 14.
Nh4 Nh5 15. Nxf5 gxf5 16. e3 Rab8 17. Bh3 Nhf6 18. Bxf5 h5 19. h4 Rfd8 20. Bd2 Ng4 21. Kg2 Nh6 22. Bh3 f5 23. Bc3 Nf8 24. Rfc1 Ng6 25.
Kh2 Rd7 26. Bf1 Rf7 27. Be2 Ng4+ 28. Kg2 Rbf8 29. Bd2 f4 30. exf4 Bxd4 31. Bxg4 hxg4 32. Bc3 Bxc3 33. bxc3 Rd7 34. Rd1 Ne7 35. Rd2 Nf5 36. Rad1 Re7 37. Re1 Rfe8 38. Rde2 d4 39. cxd4 Nxd4 40.
Rb2 e3 41. Rxe3 Rxe3 42. fxe3 Rxe3 43. Nxb7 Nf5 44. Na5 Rxg3+ 45. Kf2 Rh3 46. Nxc6 Rh2+ 47. Ke1 Rxb2 48. h5 g3 49. Kf1 Ne3+ 50. Kg1 Rb1# 0-1

[Event "Early-Titled-Tuesday-Blitz-January-30-2024"]
[Site "Chess.com"]
[Date "2024.01.30"]
[Round "8"]
[White "kingofthenil"]
[Black "tusplingher"]
[Result "0-1"]
[WhiteElo "2652"]
[BlackElo "2494"]
[TimeControl "180+1"]
[EndTime "9:30:02 PST"]
[Termination "tusplingher won by resignation"]

1. d4 Nf6 2. Nc3 d5 3. Bf4 a6 4. h3 b5 5. a3 e6 6. g4 c5 7.
dxc5 Bxc5 8. Bg2 Bb7 9. e3 Nc6 10. Nf3 Rc8 11. O-O O-O 12. Ne5 Nxe5 13. Bxe5 Nd7 14.
Bg3 Nb6 15. Ne2 Nc4 16. b3 Nxa3 17. Nf4 b4 18. Nd3 Be7 19. Ra2 Nb5 20. Qd2 Nc3 21. Raa1 Ne4 22. Qd1 Nxg3 23. fxg3 Qb6 24. Re1 Rc3 25.
Kh2 Rfc8 26. Re2 Bd6 27. Ra2 Qc7 28. Qe1 a5 29. h4 Ba6 30. Rd2 Bxd3 31. Rxd3 Rxc2 32.
Rxc2 Qxc2 33. Qf1 Rc3 34. Rd1 h6 35. e4 Rxg3 36. Kg1 Rxg2+ 37. Qxg2 Qxd1+ 38. Kf2 Qd2+ 0-1

[Event "Early-Titled-Tuesday-Blitz-January-30-2024"]
[Site "Chess.com"]
[Date "2024.01.30"]
[Round "8"]
[White "DmitriiZakurdaev"]
[Black "Bilan_Danila"]
[Result "1-0"]
[WhiteElo "2479"]
[BlackElo "2615"]
[TimeControl "180+1"]
[EndTime "9:30:04 PST"]
[Termination "DmitriiZakurdaev won on time"]

1. d4 d5 2. c4 e6 3. Nc3 c6 4.
Nf3 dxc4 5. a4 Bb4 6. e3 b5 7. Bd2 a5 8. axb5 Bxc3 9. Bxc3 cxb5 10. b3 Bb7 11. bxc4 b4 12. Bb2 Nf6 13. Bd3 Nbd7 14. O-O O-O 15. Nd2 Nc5 16. Bc2 Nce4 17. f3 Nxd2 18.
Qxd2 Qc7 19. Rfc1 Rfd8 20. Qd3 e5 21. d5 Ba6 22. Qf5 Qxc4 23. Bxe5 Qxd5 24. Rd1 Qe6 25. Qxe6 fxe6 26. Rxa5 Rxd1+ 27. Bxd1 Bb7 28. Rxa8+ Bxa8 29.
Bd6 Nd5 30. e4 Nc3 31. Bb3 Ne2+ 32. Kf2 Nd4 33. Bc4 b3 34. Bc5 b2 35. Ba2 Nb5 36.
Bb4 1-0

[Event "Early-Titled-Tuesday-Blitz-January-30-2024"]
[Site "Chess.com"]
[Date "2024.01.30"]
[Round "8"]
[White "atalz0"]
[Black "flomarechot"]
[Result "1-0"]
[WhiteElo "2470"]
[BlackElo "2342"]
[TimeControl "180+1"]
[EndTime "9:30:05 PST"]
[Termination "atalz0 won by checkmate"]

1. d4 Nf6 2. c4 d6 3. Nc3 Bf5 4. f3 e5 5. e4 Bc8 6. d5 a5 7. Be3 Na6 8. Qd2 Be7 9. Nge2 Nd7 10. O-O-O h6 11. g4 Bg5 12. Ng3 Bxe3 13. Qxe3 Qg5 14.
Kd2 Ndc5 15. h4 Qxe3+ 16. Kxe3 g6 17. h5 Kf8 18. hxg6 fxg6 19. Be2 Kg7 20. b3 Nb4 21. Rh2 Nc2+ 22. Kf2 Nd4 23. Nb5 Nxb5 24. cxb5 Bd7 25. Ke3 Rhf8 26. Rdh1 Rh8 27. Rb1 b6 28. a3 a4 29. b4 Nb3 30. Bc4 Nd4 31. Ne2 Nxb5 32. Bxb5 Bxb5 33. Rc1 Ra7 34. Nc3 Bd7 35. Rhc2 h5 36.
gxh5 gxh5 37. Ne2 Rc8 38. Kf2 h4 39. Kg2 h3+ 40. Kg3 Kf6 41. Kh2 Rg8 42. Ng3 Rc8 43.
Nh5+ Kg5 44. Ng7 Kf4 45. Rc3 Bb5 46. Ne6# 1-0

[Event "Early-Titled-Tuesday-Blitz-January-30-2024"]
[Site "Chess.com"]
[Date "2024.01.30"]
[Round "8"]
[White "mac0504"]
[Black "ACollins05"]
[Result "1/2-1/2"]
[WhiteElo "2741"]
[BlackElo "2500"]
[TimeControl "180+1"]
[EndTime "9:30:06 PST"]
[Termination "Game drawn by repetition"]

1. c4 e6 2. Nc3 d5 3. e3 Nf6 4.
b3 Be7 5. Bb2 c5 6. cxd5 exd5 7.
Bb5+ Nc6 8. Nf3 O-O 9. O-O Bg4 10. Bxc6 bxc6 11. h3 Bh5 12. Ne2 a5 13. Nf4 Bxf3 14.
Qxf3 a4 15. bxa4 Rxa4 16. d3 Qa5 17. Nh5 Nxh5 18. Qxh5 Rxa2 19. Qg4 d4 20. exd4 Bf6 21. Qf5 Rb8 22. Bc3 Qa3 23. Rxa2 Qxa2 24. Qxc5 Qd5 25. Qxd5 cxd5 26. Ra1 h5 27. Kf1 Rb3 28. Rc1 Ra3 29. Rc2 h4 30. Ke2 Rb3 31. Ke3 Rb1 32. Bd2 Rg1 33. Kf3 Rd1 34. Be3 Rxd3 35. Rc8+ Kh7 36. Rc5 Kg6 37. Rxd5 Ra3 38. Kg4 Ra1 39. Bg5 Rg1 40. Bxf6 Kxf6 41. Kf3 Rd1 42. Rd6+ Ke7 43. Rd5 Kf6 44. Rd6+ Ke7 45. Rd5 Kf6 1/2-1/2

[Event "Early-Titled-Tuesday-Blitz-January-30-2024"]
[Site "Chess.com"]
[Date "2024.01.30"]
[Round "8"]
[White "ChessLebaneseSalah"]
[Black "Lennis93"]
[Result "1-0"]
[WhiteElo "2470"]
[BlackElo "2688"]
[TimeControl "180+1"]
[EndTime "9:30:06 PST"]
[Termination "ChessLebaneseSalah won by resignation"]

1. e4 a6 2. d4 g6 3. Nf3 Bg7 4.
Nc3 b5 5. a4 b4 6. Nd5 Bb7 7.
Bd3 a5 8. c3 e6 9. Ne3 Nf6 10. Nd2 d6 11. O-O O-O 12. Re1 Nbd7 13. h3 e5 14. d5 Nc5 15. Bc2 bxc3 16. bxc3 Nfd7 17. Nb3 Nxb3 18. Bxb3 f5 19. exf5 gxf5 20. Bc2 e4 21. Rb1 Nc5 22. Qd2 Ba6 23. c4 Bc8 24. Ba3 Bd7 25. Bxc5 dxc5 26. d6 Be6 27.
Red1 c6 28. Bb3 Bd4 29. Nc2 Qxd6 30. Nxd4 Qxd4 31. Qg5+ Qg7 32. Qe3 Qe5 33. f4 Qg7 34.
Qxc5 Kh8 35. Rd6 Rg8 36. Qe5 Qxe5 37. fxe5 Rg6 38. Kh2 Rb8 39. Rxc6 f4 40. Bc2 Rxb1 41. Bxb1 f3 42. Bxe4 Rxg2+ 43. Kh1 Bxh3 44. Bxf3 Ra2 45.
Bd5 Rxa4 46. e6 Ra1+ 47. Kh2 Bg4 48. Rc8+ Kg7 49. e7 Bh5 50. e8=Q Bxe8 51. Rxe8 a4 52. Ra8 a3 53. Kg2 h5 54. c5 Kf6 55. c6 Rc1 56.
Rxa3 Rc5 57. Bf3 Kg5 58. Re3 Kf4 59. Re4+ Kf5 60. Rd4 Ke5 61. Rd5+ Rxd5 62. Bxd5 1-0

[Event "Early-Titled-Tuesday-Blitz-January-30-2024"]
[Site "Chess.com"]
[Date "2024.01.30"]
[Round "8"]
[White "ideika"]
[Black "SmirnovTimofey2000"]
[Result "0-1"]
[WhiteElo "2136"]
[BlackElo "1948"]
[TimeControl "180+1"]
[EndTime "9:30:07 PST"]
[Termination "SmirnovTimofey2000 won by resignation"]

1. e4 e5 2. f4 exf4 3. Nf3 g5 4. Bc4 g4 5. O-O gxf3 6. Qxf3 Qf6 7. e5 Qxe5 8.
Bxf7+ Kxf7 9. d4 Qf5 10. Bxf4 Nf6 11. Qe3 c5 12. Be5 cxd4 13. Rxf5 dxe3 14. Rxf6+ Ke7 15. Rf3 Bh6 16. Bxh8 d5 17. Bd4 Bg4 18. Rf1 e2 19. Re1 Bd2 20. Nc3 Bxe1 21. Rxe1 Nc6 22. Bc5+ Kd7 23.
Nxe2 Re8 24. Kf2 b6 25. Be3 Bxe2 26. Rxe2 d4 27. Bf4 Rf8 28. Kg3 Rg8+ 29. Kf3 d3 30.
cxd3 Nd4+ 31. Kf2 Nxe2 32. Kxe2 Rxg2+ 33. Kf3 Rxb2 34. a4 Ra2 35. a5 Rxa5 36. Ke4 Ra4+ 37.
d4 b5 38. Be5 b4 39. Kd3 Ra5 40.
Kc4 Rxe5 41. dxe5 a5 42. Kb3 Ke6 43. h3 Kxe5 0-1

[Event "Early-Titled-Tuesday-Blitz-January-30-2024"]
[Site "Chess.com"]
[Date "2024.01.30"]
[Round "8"]
[White "AldokhinIvan"]
[Black "vladislavkovalev"]
[Result "0-1"]
[WhiteElo "2654"]
[BlackElo "2868"]
[TimeControl "180+1"]
[EndTime "9:30:08 PST"]
[Termination "vladislavkovalev won on time"]

1. e4 e5 2. Nf3 Nc6 3. Bb5 a6 4. Ba4 Nf6 5. O-O Be7 6. Re1 b5 7. Bb3 d6 8. c3 O-O 9. d4 Bg4 10. d5 Na5 11. Bc2 Qc8 12. Nbd2 c6 13. dxc6 Qxc6 14. Nf1 h6 15. Ng3 Rfe8 16. h3 Be6 17.
Nh4 Rad8 18. Qf3 Nh7 19. Nhf5 Bg5 20. h4 Bxc1 21. Raxc1 Bxf5 22. Nxf5 Kh8 23. Qg3 g6 24. Nxh6 Qd7 25. Rcd1 Qe6 26. b4 Nc4 27. Bb3 Nf6 28. Rd3 Kh7 29. Qg5 Nh5 30. Nf5 Qf6 31. Qh6+ Kg8 32.
Rf3 gxf5 33. Qxh5 f4 34. Bxc4 bxc4 35. Rd1 Kf8 36. g3 Ke7 37. gxf4 Rh8 38. Qf5 Qxh4 39.
Kf1 Rh5 0-1

[Event "Early-Titled-Tuesday-Blitz-January-30-2024"]
[Site "Chess.com"]
[Date "2024.01.30"]
[Round "8"]
[White "Louis-Paulsen-Fan"]
[Black "Zhigalko_Sergei"]
[Result "0-1"]
[WhiteElo "2284"]
[BlackElo "2917"]
[TimeControl "180+1"]
[EndTime "9:30:08 PST"]
[Termination "Zhigalko_Sergei won on time"]

1. d4 Nf6 2. Nf3 e6 3. c4 b6 4. Nc3 Bb4 5. Bg5 h6 6. Bh4 g5 7.
Bg3 Ne4 8. Qc2 Bb7 9. Be5 f6 10. d5 exd5 11. cxd5 Bxd5 12. O-O-O Bb7 13. Nxe4 fxe5 14.
Nexg5 Qf6 15. Ne4 Qf4+ 16. Ned2 Bxd2+ 17. Rxd2 e4 18. e3 Qf6 19. Nd4 O-O 20. Bc4+ d5 21. Qxe4 c6 22. Qg4+ Kh8 23. Bd3 Na6 24. Bc2 Nb4 25.
Bb1 c5 26. Nf5 d4 27. e4 Rae8 28. a3 Nc6 29. Qf4 Re6 30. g4 Qe5 31. Qxe5+ Nxe5 32. h3 Nf3 33. Re2 Rfe8 34. Ng3 c4 35. Rd1 b5 36. Nf5 d3 37. Re3 Ng5 38. f3 Nxh3 39.
Rh1 Nf4 40. Nxh6 Ng2 41. Nf5+ Kg8 42. Kd2 Bc8 0-1

[Event "Early-Titled-Tuesday-Blitz-January-30-2024"]
[Site "Chess.com"]
[Date "2024.01.30"]
[Round "8"]
[White "GMWSO"]
[Black "K_A_S_T_O_R"]
[Result "0-1"]
[WhiteElo "3124"]
[BlackElo "2926"]
[TimeControl "180+1"]
[EndTime "9:30:09 PST"]
[Termination "K_A_S_T_O_R won on time"]

1. d4 Nf6 2. c4 e6 3. Nc3 Bb4 4. Bd2 O-O 5. e3 b6 6. Bd3 Bb7 7. Nf3 d5 8. cxd5 exd5 9. O-O Re8 10. Ne5 Bf8 11. f4 c5 12. Be1 cxd4 13. exd4 Nc6 14. Bb5 Qd6 15. Rc1 Rec8 16. Bh4 Ne7 17. Bd3 Ng6 18.
Bg3 Qb4 19. Rf2 Ne4 20. Bxe4 dxe4 21. a3 Qa5 22. Rf1 Nxe5 23. fxe5 Rd8 24. Kh1 Rd7 25. Qg4 Rxd4 26. e6 Rad8 27. Bh4 e3 28. Qg3 Rc8 29.
Rxf7 Qh5 30. Rf4 Rxf4 31. Qxf4 Qg6 32. Bg3 Qxe6 33. Re1 Re8 34. Re2 Bc5 35. b4 Rf8 36.
bxc5 Rxf4 37. Bxf4 Qc4 0-1

[Event "Early-Titled-Tuesday-Blitz-January-30-2024"]
[Site "Chess.com"]
[Date "2024.01.30"]
[Round "8"]
[White "EsmeraldasAnderson03"]
[Black "sergeikim"]
[Result "0-1"]
[WhiteElo "2408"]
[BlackElo "2584"]
[TimeControl "180+1"]
[EndTime "9:30:09 PST"]
[Termination "sergeikim won by resignation"]

1. d4 Nf6 2. c4 g6 3. Nc3 d6 4. e4 Bg7 5. Be2 O-O 6. Be3 e5 7. d5 a5 8. g4 Na6 9. h4 Nc5 10. f3 Bd7 11. h5 c6 12. Qd2 cxd5 13. cxd5 a4 14. Bh6 Qe7 15. Nh3 Ne8 16. Nf2 Bxh6 17.
Qxh6 g5 18. Ncd1 f6 19. Ne3 Ng7 20. O-O b5 21. a3 Nb3 22. Rad1 Rfc8 23. Bd3 Nd4 24.
Nh1 Rc5 25. Ng3 Rac8 26. Rf2 Rc1 27. Rxc1 Rxc1+ 28. Kg2 Qf8 29. Ne2 Nxe2 30. Rxe2 Qd8 31. Rc2 Rxc2+ 32. Bxc2 Ne8 33. Bd3 Qb6 34. Nc2 Qc5 35.
Kf1 Qa7 36. Kg2 Qb8 37. Kf1 Qc8 38. Kg2 Qb7 39. Kf1 b4 40. axb4 Bb5 41. Ke2 Qa6 42.
Bxb5 Qxb5+ 43. Kd2 Qc4 44. Ne3 Qxb4+ 45. Kd1 Qb3+ 46.
Ke2 Qxb2+ 47. Ke1 a3 48. Nf5 Qb4+ 49. Kf2 Qb6+ 50. Kg3 Qd8 0-1

[Event "Early-Titled-Tuesday-Blitz-January-30-2024"]
[Site "Chess.com"]
[Date "2024.01.30"]
[Round "8"]
[White "only_strong_moves"]
[Black "margarita_2703"]
[Result "1-0"]
[WhiteElo "2528"]
[BlackElo "2337"]
[TimeControl "180+1"]
[EndTime "9:30:09 PST"]
[Termination "only_strong_moves won by resignation"]

1. d4 d5 2. Nc3 e6 3. Bf4 c6 4.
e3 Bd6 5. Nf3 f5 6. Ne5 Nf6 7.
h3 O-O 8. Bd3 Qe7 9. g4 g6 10.
Be2 Nbd7 11. g5 Ne4 12. Nxe4 fxe4 13. h4 Nxe5 14. dxe5 Bc7 15. h5 Bd7 16. hxg6 hxg6 17. Rh6 Kg7 18. Bh5 Be8 19. Bg4 Bf7 20. Kd2 Rh8 21. Qh1 c5 22. c3 Rad8 23. Qh4 Rdg8 24. Rh1 Qd8 25. Qh3 d4 26. exd4 cxd4 27. Kc1 dxc3 28.
Qxc3 Bb6 29. Kb1 Bxf2 30. Qh3 Qd3+ 31. Qxd3 exd3 32. Rf1 Bc5 33. Bd2 Be7 34. Rf3 Rd8 35.
b3 Bg8 36. Bh3 Rd5 37. Bf1 Rxh6 38. gxh6+ Kh7 39. Bxd3 Rxe5 40. Rg3 Bf7 41. Rf3 Rf5 42. Bxf5 exf5 43. Rd3 g5 44. Rd7 1-0

[Event "Early-Titled-Tuesday-Blitz-January-30-2024"]
[Site "Chess.com"]
[Date "2024.01.30"]
[Round "8"]
[White "InitiatingASC"]
[Black "Dinosaurio_1975"]
[Result "1-0"]
[WhiteElo "2432"]
[BlackElo "2575"]
[TimeControl "180+1"]
[EndTime "9:30:10 PST"]
[Termination "InitiatingASC won by resignation"]

1. d4 d5 2. c4 e6 3. Nc3 Nf6 4. Nf3 Bb4 5. Qa4+ Nc6 6. e3 O-O 7. Bd2 a6 8. a3 Be7 9. Qc2 dxc4 10. Bxc4 b5 11. Bd3 Na5 12. Ne4 Nc4 13. Nxf6+ Bxf6 14. Bxh7+ Kh8 15. Bd3 Nxd2 16. Nxd2 Bb7 17. O-O Qd5 18.
Be4 Qh5 19. Bxb7 Rad8 20. Qxc7 e5 21. Bf3 Qf5 22. Ne4 exd4 23. Nxf6 Qxf6 24. exd4 Rxd4 25. b4 Rfd8 26. Rac1 Rd2 27. Rc6 Qf5 28. Rxa6 Rc8 29. Ra8 Rxa8 30. Bxa8 Qd3 31. Qc8+ Kh7 32. Qh3+ Qxh3 33.
gxh3 Ra2 34. Be4+ Kh6 35. Rc1 Rxa3 36. Rc6+ g6 37. Rc5 Rxh3 38. Rxb5 Rb3 39. Bd5 Rb1+ 40. Kg2 f5 41. Rb6 Kg5 42. Bf7 f4 43. Bxg6 Rb2 44.
Be4 Kg4 45. b5 Rb4 46. Bf3+ Kf5 47. Rb8 Ke5 48. b6 Kd6 49. b7 Kc7 50. Rh8 Rb5 51. Rc8+ Kd7 1-0

[Event "Early-Titled-Tuesday-Blitz-January-30-2024"]
[Site "Chess.com"]
[Date "2024.01.30"]
[Round "8"]
[White "Der_Balak_3Halak"]
[Black "AttilaTurzo"]
[Result "1-0"]
[WhiteElo "2353"]
[BlackElo "2477"]
[TimeControl "180+1"]
[EndTime "9:30:10 PST"]
[Termination "Der_Balak_3Halak won on time"]

1. e4 c5 2. Nf3 Nc6 3. Bb5 g6 4. O-O Bg7 5. c3 Nf6 6. Re1 a6 7. Bxc6 dxc6 8. d3 O-O 9. Be3 Nd7 10. a4 b6 11. Qd2 e5 12. Bh6 Bxh6 13. Qxh6 f6 14.
Na3 b5 15. axb5 axb5 16. Nc2 Bb7 17. h4 Qe7 18. Qe3 Rfd8 19. h5 Kg7 20. Nh4 f5 21. Qg3 f4 22. Qg4 Qf6 23. Rxa8 Bxa8 24. Ra1 Nf8 25. Ra7+ Kh8 26. hxg6 hxg6 27. Qh3 Kg8 28. Ne1 c4 29. dxc4 bxc4 30. Nef3 c5 31. Nh2 Bxe4 32. Ng4 Qg5 33. Nf3 Rd1+ 34. Kh2 Bxf3 35.
Nh6+ Kh8 36. Nf7+ 1-0

[Event "Early-Titled-Tuesday-Blitz-January-30-2024"]
[Site "Chess.com"]
[Date "2024.01.30"]
[Round "8"]
[White "Mohamed-almado"]
[Black "NewYearGirl"]
[Result "1-0"]
[WhiteElo "2405"]
[BlackElo "2344"]
[TimeControl "180+1"]
[EndTime "9:30:10 PST"]
[Termination "Mohamed-almado won by checkmate"]

1. d4 Nf6 2. c4 c5 3. d5 b5 4.
cxb5 a6 5. bxa6 e6 6. Nc3 exd5 7. Nxd5 Be7 8. f3 O-O 9. e4 Bxa6 10. Bxa6 Nxa6 11. Ne2 Nxd5 12. Qxd5 Nb4 13. Qc4 Bf6 14. O-O Qa5 15. Kh1 Rfe8 16. a3 Nc6 17. Nc3 Bd4 18. Bf4 Re6 19. Rab1 Qd8 20. Nd5 Rg6 21. b4 Qh4 22.
bxc5 Kh8 23. Rbd1 Bf2 24. Qe2 Bxc5 25. Nc7 Qxf4 26. Nxa8 Rh6 27. g3 Qxg3 28. Qg2 Qe5 29. Nc7 Qxc7 30. Qc2 d6 31. Rd2 Ne7 32. Rc1 Qb8 33.
a4 Rh3 34. a5 Qc8 35. Qc4 Qd8 36. Qxf7 Ng6 37. Rxc5 Qh4 38. Rc8+ Nf8 39. Qxf8# 1-0

[Event "Early-Titled-Tuesday-Blitz-January-30-2024"]
[Site "Chess.com"]
[Date "2024.01.30"]
[Round "8"]
[White "Andrey_Klymchuk"]
[Black "LeoLV10"]
[Result "1-0"]
[WhiteElo "2736"]
[BlackElo "2475"]
[TimeControl "180+1"]
[EndTime "9:30:11 PST"]
[Termination "Andrey_Klymchuk won by resignation"]

1. e4 c6 2. d4 d5 3. Nd2 dxe4 4. Nxe4 Nf6 5. Nxf6+ exf6 6. c3 Bd6 7. Bd3 O-O 8.
Qc2 Re8+ 9. Ne2 h5 10. Bd2 Nd7 11. O-O h4 12. h3 Nf8 13. Rae1 Be6 14. Bf4 Rc8 15.
a3 c5 16. Bxd6 Qxd6 17. dxc5 Rxc5 18. Nd4 Rec8 19. Nxe6 Nxe6 20. Be4 b6 21. Rd1 Qf4 22. Rfe1 Rg5 23. Qd2 Qb8 24. Kh1 Rd8 25. Qe3 Rf8 26.
c4 Nf4 27. Bf3 Ng6 28. b4 Ne5 29. Bd5 Rf5 30. Qd4 Ng6 31. Bf3 Rf4 32. Re4 Re8 33. Rxe8+ Qxe8 34. Qd8 Qxd8 35. Rxd8+ Kh7 36. c5 Ne5 37. c6 Rc4 38. b5 Kg6 39. Bd5 Rc5 40. f4 Nc4 41. Bxc4 Rxc4 42. Rd7 Rc5 43. a4 Rc4 44.
Rxa7 Rxf4 45. a5 bxa5 46. b6 Rb4 47. c7 Rxb6 48. c8=Q Rb1+ 49. Kh2 Rf1 50. Rxa5 f5 51. Qc6+ f6 52. Qd5 Kg5 53. Ra7 g6 54. Rg7 Kh6 55. Qg8 Kh5 56. Rxg6 Rh1+ 57. Kxh1 1-0

[Event "Early-Titled-Tuesday-Blitz-January-30-2024"]
[Site "Chess.com"]
[Date "2024.01.30"]
[Round "8"]
[White "Pelopidass"]
[Black "NastyaHn"]
[Result "1-0"]
[WhiteElo "2570"]
[BlackElo "2382"]
[TimeControl "180+1"]
[EndTime "9:30:11 PST"]
[Termination "Pelopidass won on time"]

1. d4 d5 2. Nf3 Nf6 3. c4 e6 4. e3 c5 5. a3 dxc4 6. Bxc4 cxd4 7.
exd4 Nc6 8. O-O Be7 9. Nc3 O-O 10. Ba2 b6 11. Re1 Bb7 12. Bg5 h6 13. Bh4 Rc8 14.
Rc1 Na5 15. Ne5 Nc6 16. Nf3 Na5 17. Qd3 Bxf3 18. gxf3 Nh5 19. Bg3 Nxg3 20. hxg3 Bf6 21. d5 Bxc3 22. Rxc3 Rxc3 23. bxc3 exd5 24. Bxd5 Nb7 25.
c4 Nc5 26. Qf5 Qc7 27. Kg2 Kh8 28. g4 a5 29. Rh1 Qd6 30. g5 Kg8 31. gxh6 gxh6 32.
Rh4 Kh8 33. Rg4 Nd7 34. f4 Nf6 35. Rg3 Nxd5 36. cxd5 b5 37. Qg4 1-0

[Event "Early-Titled-Tuesday-Blitz-January-30-2024"]
[Site "Chess.com"]
[Date "2024.01.30"]
[Round "8"]
[White "alvarorodriguezavila"]
[Black "tarno17"]
[Result "1-0"]
[WhiteElo "2354"]
[BlackElo "2072"]
[TimeControl "180+1"]
[EndTime "9:30:11 PST"]
[Termination "alvarorodriguezavila won by resignation"]

1. e4 c5 2. d4 cxd4 3. c3 d5 4. Qxd4 dxe4 5. Qxe4 Nf6 6. Qh4 Nc6 7. Bg5 Bg4 8. Nd2 Bf5 9. Ngf3 e6 10. Bb5 a6 11.
Bxc6+ bxc6 12. Nd4 Qd5 13. O-O Be7 14. c4 Qd7 15.
N2f3 O-O 16. Ne5 Qc7 17. Ndxc6 h6 18. Nxe7+ Qxe7 19. Bxf6 Qxf6 20. Qxf6 gxf6 21. Nd7 Rfd8 22. Nxf6+ Kg7 23. Nh5+ Kg6 24. Ng3 Bd3 25. Rfc1 Rab8 26.
b3 f5 27. f4 h5 28. Rd1 h4 29. Nf1 Be4 30. Kf2 Kh5 31. Ne3 Rg8 32. Rd6 Rbe8 33.
Rxa6 Rd8 34. Re1 Rd2+ 35. Re2 Rxe2+ 36. Kxe2 Bxg2 37. Rxe6 Be4 38. Re5 Ra8 39. a4 Rf8 40. a5 Kg6 41. b4 Rd8 42. a6 Bd3+ 43. Kf2 Ra8 44. b5 Rc8 45. a7 Bxc4 46. Nxc4 Ra8 47. b6 Rc8 48. b7 Rxc4 49. a8=Q Rc2+ 50. Ke3 Rc3+ 51. Kd4 1-0